 Dungeon Crawl Stone Soup version 0.31.0-12-g77e489cdc1 (webtiles) character file.

Game seed: 471026560653835702

1174 KennySheep the Skirmisher (level 7, -15/53 HPs)
             Began as a Demigod Hunter on Mar 2, 2024.
             Demolished by a boulder beetle (24 damage)
             ... on level 6 of the Dungeon.
             The game lasted 00:09:10 (5379 turns).

KennySheep the Skirmisher (Demigod Hunter)          Turns: 5379, Time: 00:09:10

Health: -15/53     AC:  3    Str: 12    XL:     7   Next: 97%
Magic:  9/9        EV: 14    Int: 11    God:
Gold:   352        SH:  0    Dex: 25    Spells: 6/6 levels left

rFire   . . .        a - +0 shortbow
rCold   . . .        (shield currently unavailable)
rNeg    . . .        c - +0 leather armour
rPois   .            (no helmet)
rElec   .            (no cloak)
rCorr   .            (no gloves)
SInv    .            (no boots)
Will    .....        (no amulet)
Stlth   ++           (no ring)
HPRegen 0.28/turn    (no ring)
MPRegen 0.11/turn

%: no passive effects
@: no status effects
A: high MP 1, forlorn, divine attributes
a: no special abilities


You were on level 6 of the Dungeon.
You visited 1 branch of the dungeon, and saw 6 of its levels.

You collected 352 gold pieces.

Inventory:

Hand Weapons
 a - a +0 shortbow (weapon)
Missiles
 v - 3 throwing nets
Armour
 c - a +0 leather armour (worn)
Jewellery
 h - a +5 ring of evasion
 p - an amulet of regeneration
 q - a ring of protection from fire
 t - a ring of ice
Wands
 u - a wand of mindburst (6)
Scrolls
 d - 6 scrolls of identify {unknown}
 e - 4 scrolls of fear {unknown}
 f - a scroll of brand weapon {unknown}
 g - a scroll of fog {unknown}
 i - a scroll of immolation {unknown}
 k - 4 scrolls of teleportation {unknown}
 o - 2 scrolls of poison {unknown}
 s - a scroll of blinking {unknown}
Potions
 j - 5 potions of curing
 l - 3 potions of heal wounds {unknown}
 m - a potion of attraction {unknown}
 n - 2 potions of enlightenment {unknown}
 r - a potion of haste {unknown}
 w - a potion of berserk rage {unknown}
 x - a potion of might {unknown}


   Skills:
 - Level 1.7 Fighting
 * Level 9.0 Ranged Weapons
 + Level 4.0 Dodging
 - Level 0.8 Stealth


You had 6 spell levels left.
You didn't know any spells.
Your spell library contained the following spells:

 Spells                   Type           Power      Damage    Failure   Level
 Static Discharge         Conj/Air       0%         3-3/arc   56%         2
 Tukima's Dance           Hex            0%         N/A       80%         3
 Airstrike                Air            0%         2d(0-16)  99%         4
 Dimensional Bullseye     Hex/Tloc       0%         N/A       99%         4
 Iskenderun's Mystic Bla  Conj/Tloc      0%         2d3       99%         4
 Summon Lightning Spire   Summ/Air       0%         N/A       99%         4


Dungeon Overview and Level Annotations

Branches:
Dungeon (6/15)
 Temple: D:4-7

Annotations:
D:4 Eustachio


Innate Abilities, Weirdness & Mutations

You have an increased reservoir of magic. (+10% MP)
You shall have no god before yourself.
Your divine heritage dramatically boosts your attributes as you level up.


Message History

Things that are here:
a +0 dagger; 3 stones; a kobold corpse
Things that are here:
a +0 dagger; a kobold corpse You see here a +0 club.
Things that are here:
a +0 club; 2 poisoned darts
Items here: (( )) ††.
Things that are here:
a +0 dagger; 4 stones
Found an ornate altar of the Wu Jian Council.
e - 4 scrolls labelled MAOJOHY ILOI (gained 1)
Found a radiant altar of Vehumet.
A boulder beetle is nearby!
A boulder beetle is nearby!
A boulder beetle is nearby!
You shoot an arrow. The arrow hits the boulder beetle.
The boulder beetle is lightly wounded.
You shoot an arrow.
The arrow barely misses the boulder beetle.
You shoot an arrow.
The arrow hits the boulder beetle but does no damage.
The boulder beetle is lightly wounded.
You shoot an arrow. The arrow hits the boulder beetle.
The boulder beetle is lightly wounded.
The boulder beetle curls into a ball and begins rolling!
You shoot an arrow. The arrow hits the boulder beetle!
The boulder beetle is lightly wounded.
You shoot an arrow.
The arrow hits the boulder beetle but does no damage.
The boulder beetle is lightly wounded.
The boulder beetle hits you!!!
Ouch! That really hurt!
* * * LOW HITPOINT WARNING * * *
The boulder beetle stops rolling and uncurls.
You shoot an arrow.
The arrow hits the boulder beetle but does no damage.
The boulder beetle is lightly wounded.
The boulder beetle bites you!!
You die...

#.............>.....
#............#####.#
#####..........#...#
#.#
...............###.#
#.[
#.................#
#b####.
#.................##
#..# ##
#...>........°...##
##.##
#...........B..#.#
#..##
#..........@...#.##
##..#
#..............#..#
##.#
#............###.###
#.#
#.................#
#.##
#####..##...###.#.###
#... #..##...#
#.#...######
#..##...#
#.##§§.§§§..
#..##...#
#.##.≈§§≈§≈≈
#..######
#.##§≈§§§§..


You could see a boulder beetle.

Vanquished Creatures
  Grinder (D:4)
  A black bear (D:5)
  An ice beast (D:5)
  A sky beast (D:6)
  An ogre (D:4)
  A centaur (D:5)
  A kobold brigand (D:6)
  A howler monkey (D:6)
  4 hounds
  2 sleepcaps (D:6)
  2 iguanas (D:5)
  An orc wizard (D:5)
  8 adders
  2 shadow imps (D:6)
  A white imp (D:6)
  3 ufetubi
  A ribbon worm (D:5)
  4 dart slugs
  8 orcs
  3 bats
  5 endoplasms
  2 giant cockroaches (D:1)
  3 goblins
  6 hobgoblins
  4 jackals (D:2)
  2 quokkas
  4 ball pythons
  4 frilled lizards
  11 kobolds
  6 rats
94 creatures vanquished.

Notes
Turn   | Place    | Note
-------+----------+-------------------------------------------
     0 | D:1      | KennySheep the Demigod Hunter began the quest for the Orb.
     0 | D:1      | Reached XP level 1. HP: 17/17 MP: 3/3
   327 | D:1      | Reached skill level 4 in Ranged Weapons
   365 | D:1      | Reached XP level 2. HP: 24/24 MP: 4/4
   986 | D:2      | Reached XP level 3. HP: 24/29 MP: 5/5
  1290 | D:2      | Reached skill level 5 in Ranged Weapons
  1505 | D:2      | Identified the +1 short sword "Ylesexest" {elec, Will+
                  | Dex+4}
  2418 | D:3      | Reached XP level 4. HP: 24/36 MP: 6/6
  2690 | D:4      | Noticed an ogre
  2696 | D:4      | Killed an ogre
  2697 | D:4      | Reached skill level 6 in Ranged Weapons
  2697 | D:4      | Reached XP level 5. HP: 41/41 MP: 7/7
  2813 | D:4      | Noticed Grinder
  2861 | D:4      | Killed Grinder
  2862 | D:4      | Reached skill level 7 in Ranged Weapons
  2862 | D:4      | Reached XP level 6. HP: 36/48 MP: 8/8
  3232 | D:4      | Noticed Eustachio
  3285 | D:5      | Entered Level 5 of the Dungeon
  3554 | D:5      | Reached XP level 7. HP: 11/53 MP: 9/9
  3724 | D:5      | Reached skill level 8 in Ranged Weapons
  4185 | D:5      | HP: 1/53 [ribbon worm (5)]
  4823 | D:6      | Noticed a boulder beetle
  5092 | D:6      | HP: 1/53 [kobold brigand/+0 short sword (3)]
  5098 | D:6      | Reached skill level 9 in Ranged Weapons
  5379 | D:6      | Demolished by a boulder beetle

Illustrated notes

Levels and vault maps discovered:
D:1:      dpeg_arrival_pond, layout_loops_corners,
          dreamdust_ecumenical_altar_hidden_monk_grotto
D:2:      layout_basic, basic_altar
D:3:      layout_basic
D:4:      layout_basic, uniq_grinder, uniq_eustachio
D:5:      layout_loops_ring
D:6:      minmay_general_purpose_star, layout_rooms,
          nicolae_dithmenos_through_a_glass_darkly,
          mainiacjoe_overflow_cross_hatched, nicolae_overflow_quartered_altars,
          lemuel_crystal_altar

Skill      XL: |  1  2  3  4  5  6  7 |
---------------+----------------------+-----
Ranged Weapons | 4 5 6 7 9 |  9.0
Dodging        | 2 4 |  4.0
Fighting       | |  1.7
Stealth        | |  0.8

Action                     |  1- 3 |  4- 6 |  7- 9 || total
---------------------------+-------+-------+-------++-------
   Fire: Shortbow          |   125 |   116 |   117 ||   358
    Use: Scroll            |       |       |     1 ||     1
         Potion            |       |       |     1 ||     1
 Armour: Leather armour    |    31 |    31 |    44 ||   106
  Dodge: Dodged            |    23 |    34 |    45 ||   102
